Map: Port Aleksander LE

Players

Hubble - Winner!

  • Race: Protoss Protoss
  • League: Platinum
  • Spawn Location: 5:00

A.I. 1 (Medium)

  • Race: Zerg Zerg
  • Spawn Location: 11:00

VOD

Have the link to the VOD?

Description

Time

  • Played on: April 9, 2019, 3:28 p.m.
  • Length: 10:55
Show
View Real Time Build Order
Export as new Build Order

Hubble Protoss - Winner!

Build Orders: 1 Gate Expand, Zealot Archon, Archon Drop, Dark Templar Rush 

Get SALT Encoding   

  12  0:01  Probe  
  13  0:13  Probe  
  14  0:22  Pylon  
  14  0:25  Probe  
  15  0:38  Probe  
  16  0:43  Gateway  
  16  0:46  Probe  
  16  0:49  Assimilator  
  17  1:01  Probe  
  18  1:13  Probe  
  19  1:25  Probe  
  19  1:31  Nexus  
  20  1:44  Cybernetics Core  
  20  1:46  Probe  
  21  1:52  Assimilator  
  21  2:02  Probe  
  21  2:06  Pylon  
  22  2:14  Probe  
  23  2:23  Adept, Warp Gate  
  23  2:26  Probe  
  26  2:34  Twilight Council  
  26  2:38  Probe  
  26  2:40  Probe  
  28  2:48  Probe  
  28  2:53  Stalker  
  28  2:54  Probe  
  32  3:02  Robotics Facility  
  32  3:04  Probe  
  32  3:08  Probe  
  32  3:12  Probe  
  34  3:16  Probe  
  35  3:20  Probe  
  37  3:27  Dark Shrine  
  37  3:38  Gateway  
  37  3:43  Warp Prism  
  37  3:46  Gateway  
  37  3:47  Gateway  
  37  3:55  Probe x2  
  41  4:03  Assimilator  
  41  4:04  Probe  
  41  4:07  Probe  
  41  4:09  Assimilator  
  43  4:13  Probe  
  43  4:16  Pylon  
  44  4:19  Probe  
  44  4:23  Pylon  
  45  4:25  Probe  
  46  4:34  Probe  
  46  4:37  Probe  
  48  4:39  Dark Templar x2  
  48  4:42  Dark Templar  
  54  4:51  Probe x2  
  54  4:52  Dark Templar  
  58  5:03  Pylon, Probe  
  58  5:04  Probe  
  60  5:15  Probe  
  60  5:16  Pylon, Probe  
  62  5:29  Charge  
  62  5:30  Probe x2  
  64  5:35  Templar Archives  
  64  5:37  Forge  
  64  5:38  Nexus  
  64  5:42  Immortal, Pylon, Probe x2  
  66  5:54  Archon  
  66  5:55  Archon  
  70  6:01  Probe x2  
  72  6:12  Gateway  
  72  6:13  Probe x2  
  72  6:16  Protoss Ground Weapons Level 1  
  74  6:24  Gateway  
  74  6:27  Gateway  
  74  6:31  Probe x2  
  76  6:36  Gateway  
  76  6:38  Gateway  
  76  6:43  Probe  
  77  6:49  Immortal  
  77  6:52  High Templar x2  
  85  6:55  Pylon  
  85  6:56  Assimilator x2  
  85  6:57  Pylon, Probe  
  85  6:58  Probe x2  
  88  7:10  Probe x2  
  88  7:12  High Templar x3  
  95  7:22  Archon  
  95  7:23  Archon  
  91  7:31  Zealot x5  
  97  7:40  High Templar  
  103  7:44  Immortal  
  103  7:52  Probe x2  
  103  7:53  Probe  
  103  7:54  Gateway  
  103  7:55  Gateway  
  103  7:56  Pylon  
  103  7:58  Zealot x4  
  108  7:59  Zealot  
  108  8:00  Pylon  
  116  8:15  Probe  
  116  8:16  Probe x2  
  116  8:19  High Templar x2  
  123  8:20  High Templar x3  
  123  8:21  Zealot x2  
  133  8:28  Pylon x2  
  133  8:32  Pylon  
  133  8:46  Probe x3  
  136  8:48  Protoss Ground Armor Level 1, Stalker x2  
  136  8:49  Stalker  
  142  8:58  Forge, Gateway  
  142  9:00  Zealot  
  142  9:01  Zealot x5  
  142  9:02  Zealot  
  156  9:04  Archon x2  
  156  9:06  Archon  
  156  9:21  Pylon  
  156  9:38  Pylon  
  156  9:41  Probe  
  157  9:46  Pylon  
  157  9:47  High Templar x3  
  157  9:48  High Templar x2  
  157  9:49  Pylon  
  157  9:51  Archon x2  
  165  9:54  Archon  
  161  10:12  Pylon  
  159  10:21  Probe  
  159  10:22  Probe x2  
  159  10:23  Pylon  
  155  10:37  Nexus  
  155  10:39  Pylon  
  155  10:41  Pylon  
Show
View Real Time Build Order
Export as new Build Order

A.I. 1 (Medium) Zerg 

Build Orders: 1 Base Baneling Bust, Pool First 

Get SALT Encoding   

  12  0:01  Drone  
  13  0:12  Overlord  
  13  0:18  Drone  
  14  0:30  Drone  
  14  0:33  Drone  
  16  0:44  Spawning Pool  
  16  0:46  Drone  
  16  0:51  Drone  
  16  0:53  Extractor  
  16  0:56  Drone  
  17  1:06  Overlord  
  17  1:31  Zergling x2  
  18  1:33  Queen  
  18  1:38  Drone  
  21  1:41  Roach Warren  
  21  1:42  Extractor  
  19  1:47  Zergling x2  
  19  1:49  Drone  
  21  2:00  Drone  
  22  2:20  Overlord  
  22  2:21  Roach  
  24  2:37  Roach  
  24  2:42  Overlord  
  26  2:53  Roach  
  28  3:07  Drone  
  28  3:08  Roach  
  28  3:11  Drone  
  32  3:20  Overlord  
  32  3:24  Drone, Roach  
  35  3:28  Drone  
  36  3:39  Drone  
  37  3:43  Roach  
  37  3:44  Drone  
  37  3:47  Baneling Nest  
  37  3:48  Drone  
  40  3:55  Evolution Chamber  
  39  3:56  Drone  
  39  4:01  Roach  
  42  4:17  Roach  
  44  6:09  Zergling x2  
  44  6:34  Drone, Lair, Overlord  
  44  6:35  Spore Crawler  
  44  6:37  Drone, Spore Crawler  
  44  6:40  Evolution Chamber, Drone  
  44  6:41  Hatchery  
  44  6:43  Drone  
  44  6:52  Overlord  
  44  7:02  Drone, Spine Crawler  
  44  7:03  Spine Crawler  
  44  7:05  Drone  
  44  7:26  Zergling x2  
  39  7:31  Queen, Overseer x2  
  39  7:35  Hydralisk Den  
  28  7:38  Infestation Pit  
  28  7:40  Spire  
  28  7:41  Drone, Roach  
  29  7:54  Drone, Queen  
  29  7:55  Roach  
  29  7:57  Drone, Spore Crawler  
  34  7:59  Drone, Spore Crawler  
  34  8:02  Drone, Spore Crawler  
  34  8:05  Drone  
  35  8:08  Drone, Hydralisk  
  35  8:11  Drone  
  39  8:14  Drone  
  39  8:17  Drone  
  42  8:20  Drone  
  42  8:22  Drone  
  42  8:23  Ravager, Hydralisk, Spine Crawler  
  42  8:25  Drone, Spine Crawler  
  45  8:28  Drone  
  45  8:31  Drone  
  48  8:34  Drone  
  48  8:37  Drone, Hydralisk  
  48  8:40  Drone  
  52  8:44  Drone  
  52  8:47  Drone  
  54  8:52  Ravager  
  54  8:55  Roach  
  57  8:58  Drone  
  57  9:01  Drone  
  59  9:03  Drone  
  59  9:06  Drone  
  59  9:09  Roach  
  63  9:23  Hydralisk  
  65  9:46  Zergling x2  
  65  9:51  Overlord, Overseer  
  49  9:55  Queen, Zergling x2  
  50  10:01  Mutalisk  
  50  10:02  Drone  
  50  10:05  Drone  
  45  10:08  Drone  
  45  10:09  Zergling x2  
  29  10:19  Overlord, Spine Crawler  
  26  10:23  Drone, Hydralisk  
  28  10:30  Mutalisk  
Tags
 
Add a new tag
Caveats
  • Supply blocks, unpowered buildings, or Contaminate may cause inaccurate times.
  • Supply counts are checked every 10 seconds.